 Dungeon Crawl Stone Soup version 0.28.0-49-g6dfe1f597d (webtiles) character file.

Game seed: 12963166999245155766

6274 Gabide the Quickloader (level 10, 0/76 HPs)
             Began as a Barachi Hunter on May 15, 2022.
             Was a Priest of Cheibriados.
             Succumbed to a hornet's poison
             ... on level 8 of the Dungeon.
             The game lasted 00:45:27 (11125 turns).

Gabide the Quickloader (Barachi Hunter)            Turns: 11125, Time: 00:45:27

Health: 0/76       AC:  8    Str: 19 (21) XL:     10   Next: 94%
Magic:  12/12      EV: 21    Int: 17 (20) God:    Cheibriados [***...]
Gold:   164        SH:  5    Dex: 23 (25) Spells: 9/9 levels left

rFire   . . .      SeeInvis +   d - +0 dagger (elec)
rCold   + . .      Faith    .   (no shield)
rNeg    . . .      Spirit   .   q - +3 leather armour {rC+}
rPois   .          Reflect  +   (no helmet)
rElec   .          Harm     .   e - +1 cloak
rCorr   .          Rampage  .   (no gloves)
Will    .....                   (no boots)
Stlth   ++........              H - amulet of reflection
HPRegen 0.22/turn               I - ring of see invisible
MPRegen 0.13/turn               t - +4 ring of evasion

@: lethally poisoned (0 -> -1), unable to hop, on berserk cooldown, hasted and
slowed, very slow
A: amphibious, slowness 1, strong legs 1, +LOS
a: Hop, Renounce Religion, Bend Time, Temporal Distortion


You were on level 8 of the Dungeon.
You worshipped Cheibriados.
Cheibriados was most pleased with you.
You visited 2 branches of the dungeon, and saw 10 of its levels.
You also visited: Ossuary.

You collected 614 gold pieces.
You spent 450 gold pieces at shops.

Inventory:

Hand Weapons
 a - a +2 arbalest
 d - a +0 dagger of electrocution (weapon)
 h - a +1 flail of holy wrath
 m - a +0 broad axe
 y - a +1 hand crossbow
Missiles
 D - 2 silver javelins (quivered)
Armour
 e - a +1 cloak (worn)
 k - the +1 robe of Annopuink {rN+}
   (You found it on level 2 of the Dungeon)

   rN:        It protects you from negative energy.
 q - a +3 leather armour of cold resistance (worn)
 s - a +2 robe of willpower
 x - +0 steam dragon scales
Magical Staves
 u - a staff of earth
Jewellery
 i - a +6 ring of intelligence
 t - a +4 ring of evasion (right hand)
 w - a +6 ring of intelligence
 H - an amulet of reflection (around neck)
 I - a ring of see invisible (left hand)
Wands
 c - a wand of flame (4)
Scrolls
 r - 2 scrolls of magic mapping
Potions
 f - 2 potions of flight
 p - 4 potions of mutation
 v - 3 potions of attraction
 C - 2 potions of resistance
 E - a potion of lignification
 G - a potion of degeneration


   Skills:
 - Level 6.0 Fighting
 + Level 13.4 Crossbows
 - Level 4.5 Armour
 - Level 7.1 Dodging
 - Level 0.8 Stealth
 - Level 3.8 Invocations


You had 9 spell levels left.
You didn't know any spells.
Your spell library contained the following spells:

 Spells                   Type           Power      Damage    Failure   Level
 Beastly Appendage        Tmut           0%         N/A       26%         1
 Pain                     Necr           0%         1d4       26%         1
 Scorch                   Fire           0%         2d5       38%         2
 Wereblood                Tmut           0%         N/A       38%         2
 Spider Form              Tmut/Pois      0%         N/A       63%         3
 Flame Wave               Conj/Fire      0%         2d4       95%         4
 Agony                    Necr           0%         N/A       100%        5
 Excruciating Wounds      Necr           0%         N/A       100%        5
 Summon Cactus Giant      Summ           0%         N/A       100%        6


Dungeon Overview and Level Annotations

Branches:
Dungeon (9/15)             Temple (1/1) D:5         Ossuary (visited)
   Lair: D:8-11         Orc: D:9-12

Altars:
Ashenzari
Cheibriados
Dithmenos
Elyvilon
Fedhas
Gozag
Hepliaklqana
Kikubaaqudgha
Makhleb
Nemelex Xobeh
Okawaru
Qazlal
Ru
Sif Muna
Trog
Uskayaw
Vehumet
Xom
Yredelemnul
Zin
The Shining One

Shops:
D:6 [   D:7 =


Innate Abilities, Weirdness & Mutations

You are amphibious.
You cover ground slowly.
You can hop short distances.
You have an extended range of vision and can be seen from far away.


Message History

The hornet misses you. You block the hornet's attack.
The kobold barely misses you.
You closely miss the hornet.
The hornet is severely wounded.
* * * LOW HITPOINT WARNING * * *
You feel sick. The hornet barely misses you.
You hit the hornet.
The hornet is severely wounded.
You block the hornet's attack. The kobold completely misses you.
You hit the hornet. Lightning courses through the hornet!
You kill the hornet!
Cheibriados thoroughly appreciates the change of pace.
* * * LOW HITPOINT WARNING * * *
You feel sick. You block the kobold's attack.
Okay, then.
You puncture the kobold!
You kill the kobold!
Cheibriados appreciates the change of pace.
You start resting.
You are no longer berserk.
You are exhausted.
You feel yourself slow down.
* * * LOW HITPOINT WARNING * * *
You feel sick.
There is a lethal amount of poison in your body!
There is a lethal amount of poison in your body!
There is a lethal amount of poison in your body!
It was a potion of degeneration.
There was something very wrong with that liquid.
You feel weakened.
You feel dopey.
You feel clumsy.
Okay, then.
Okay, then.
Unknown command.
Okay, then.
Okay, then.
There is a lethal amount of poison in your body!
Okay, then.
* * * LOW HITPOINT WARNING * * *
You feel sick.
You die...

####### #.....#
####...).# #####
+.......@##....#
#.........#....#
#.........#....#
#.........#....#
.(..........#....#
..................#
#.............#.)...#
..............[#.(...####
.......?..##+###........#


There were no monsters in sight!

Vanquished Creatures
  Pikel (D:6)
  Joseph (D:8)
  Maggie (D:7)
  A troll (D:6)
  A hornet (D:8)
  4 yaks (D:4)
  Eustachio (D:4)
  Duvessa (D:5)
  Edmund (D:4)
  A water moccasin (D:5)
  Pargi (D:3)
  A black bear (D:4)
  An orc warrior (D:6)
  A centaur (D:4)
  2 necrophages (D:6)
  An ogre (D:5)
  2 phantoms
  4 lemures (D:6)
  Blork the orc (D:6)
  2 kobold brigands (D:8)
  2 bullfrogs
  A gnoll sergeant (D:7)
  A water moccasin zombie (D:3)
  Dowan (D:5)
  28 killer bees
  An electric eel (D:7)
  4 howler monkeys
  4 centaur zombies
  A hound (D:4)
  4 iguanas
  2 jellies (D:4)
  A bullfrog skeleton (D:5)
  A centaur skeleton (D:7)
  4 orc wizards (D:6)
  8 mummies (Ossuary)
  5 gnolls (D:7)
  7 adders
  A white imp (D:7)
  A dart slug (D:4)
  13 orcs
  3 bats
  6 endoplasms
  5 giant cockroaches
  A gnoll zombie (Ossuary)
  10 goblins
  8 hobgoblins
  4 jackals (D:4)
  13 kobolds
  5 quokkas
  7 ball pythons
  10 frilled lizards
  A hobgoblin zombie (Ossuary)
  2 kobold zombies (Ossuary)
  4 orc zombies (Ossuary)
  6 rats
204 creatures vanquished.

Vanquished Creatures (others)
  4 plants (D:2)
4 creatures vanquished.

Grand Total: 208 creatures vanquished

Notes
Turn   | Place    | Note
-------+----------+-------------------------------------------
     0 | D:1      | Gabide the Barachi Hunter began the quest for the Orb.
     0 | D:1      | Reached XP level 1. HP: 17/17 MP: 1/1
   245 | D:1      | Reached XP level 2. HP: 23/23 MP: 2/2
   330 | D:1      | Found a faded altar of an unknown god.
   636 | D:1      | Reached XP level 3. HP: 28/28 MP: 3/3
   700 | D:1      | Reached skill level 5 in Crossbows
   940 | D:2      | Identified the +1 robe of Annopuink {rN+}
  1862 | D:3      | Reached XP level 4. HP: 34/34 MP: 4/4
  1899 | D:3      | HP: 1/34 [water moccasin zombie (4)]
  1902 | D:3      | Reached skill level 6 in Crossbows
  1902 | D:3      | Reached XP level 5. HP: 2/39 MP: 5/5
  2719 | D:3      | Noticed Pargi
  2745 | D:3      | Killed Pargi
  2746 | D:3      | Reached skill level 7 in Crossbows
  2746 | D:3      | Reached XP level 6. HP: 46/46 MP: 6/6
  3346 | D:4      | Noticed Eustachio
  3360 | D:4      | Killed Eustachio
  3361 | D:4      | Reached skill level 8 in Crossbows
  3361 | D:4      | Reached XP level 7. HP: 51/51 MP: 7/7
  3735 | D:5      | Entered Level 5 of the Dungeon
  3804 | D:5      | Noticed Dowan
  3805 | D:5      | Noticed Duvessa
  3823 | D:5      | Killed Duvessa
  3824 | D:5      | Reached skill level 9 in Crossbows
  3829 | D:5      | Killed Dowan
  3830 | D:5      | Found a staircase to the Ecumenical Temple.
  3983 | D:5      | Noticed a yak
  3983 | D:5      | Noticed a yak
  3990 | D:5      | Noticed a yak
  3992 | D:5      | Noticed a yak
  4013 | D:5      | Noticed Edmund
  4017 | Temple   | Entered the Ecumenical Temple
  4226 | Temple   | Became a worshipper of Sif Muna the Loreminder
  4399 | D:4      | Killed a yak
  4400 | D:4      | Reached XP level 8. HP: 23/58 MP: 8/8
  4599 | D:4      | Killed Edmund
  4772 | D:4      | Reached skill level 10 in Crossbows
  4785 | D:4      | Killed a yak
  4786 | D:4      | Reached skill level 1 in Invocations
  5017 | D:4      | Killed a yak
  5048 | D:4      | Killed a yak
  5049 | D:4      | Reached XP level 9. HP: 65/65 MP: 10/10
  5205 | Temple   | Fell from the grace of Sif Muna
  5205 | Temple   | Became a worshipper of Cheibriados the Contemplative
  5401 | D:5      | Identified the -5 buckler of Esaplaah {Str+3}
  5778 | D:6      | Noticed Pikel
  5978 | D:6      | Killed Pikel
  5979 | D:6      | Reached skill level 5 in Dodging
  6299 | D:6      | Reached skill level 5 in Fighting
  6318 | D:6      | Noticed a troll
  6330 | D:6      | Killed a troll
  6506 | D:6      | Reached * piety under Cheibriados
  7208 | D:6      | Found Rifoyneir's Antique Armour Boutique.
  7226 | D:6      | Noticed Blork the orc
  7234 | D:6      | Killed Blork the orc
  7657 | D:7      | Reached XP level 10. HP: 75/76 MP: 12/12
  7812 | D:7      | Noticed Maggie
  7821 | D:7      | Killed Maggie
  7822 | D:7      | Reached skill level 11 in Crossbows
  7992 | D:7      | Found a sand-covered staircase.
  7999 | Ossuary  | Entered an ossuary
  8512 | D:7      | Found Jeab's Jewellery Shoppe.
  8522 | D:7      | Bought an amulet of reflection for 300 gold pieces
  8522 | D:7      | Bought a ring of see invisible for 150 gold pieces
  8811 | D:8      | Reached ** piety under Cheibriados
  9044 | D:7      | Was forgiven by Sif Muna
  9374 | D:8      | Noticed Joseph
  9400 | D:7      | Reached skill level 12 in Crossbows
  9657 | D:8      | Killed Joseph
  9938 | D:8      | Reached *** piety under Cheibriados
 10094 | D:8      | Noticed an elephant
 10149 | D:8      | Reached skill level 13 in Crossbows
 10170 | D:8      | HP: 3/76 [vampire/vampiric draining (15)]
 10860 | D:8      | HP: 3/76 [poisoned by a hornet]
 10865 | D:8      | HP: 4/114 [poisoned by a hornet]
 11115 | D:8      | HP: 5/114 [hornet (12)]
 11120 | D:8      | HP: 3/114 [poisoned by a hornet]
 11122 | D:8      | HP: 1/76 [poisoned by a hornet]
 11125 | D:8      | Succumbed to a hornet's poison

Illustrated notes

Levels and vault maps discovered:
D:1:      mrwooster_arrival_arrow, layout_loops_ring,
          chequers_ecumenical_altar_simple
D:2:      layout_loops_ring, minmay_lizard_king
D:3:      layout_loops_ring, uniq_pargi
D:4:      layout_basic, uniq_eustachio
D:5:      layout_basic, temple_pool_b, uniq_edmund, uniq_duvessa
D:6:      layout_gridville, serial_shops,
          nicolae_shop_temple_entry_statues_fountains, uniq_pikel,
          uniq_blork_the_orc
D:7:      layout_loops_cross, serial_shops, shop,
          nicolae_ossuary_entry_monument, hangedman_abyss_or_decor_stagger,
          fountainhead, nicolae_benzene_ring, uniq_maggie
D:8:      wad_woods_minihive, layout_basic, lemuel_coloured_pillars_altar,
          uniq_joseph, uniq_maurice
D:9:      layout_basic, lair_entry_dummy, minmay_fractal_squares_gapless_7,
          uniq_harold
Temple:   mainiacjoe_temple_archimedes_tessellation

Skill      XL: |  1  2  3  4  5  6  7  8  9 10 |
---------------+-------------------------------+-----
Crossbows      | 5 6 7 8 9 10 13 | 13.4
Fighting       | 3 4 5 6 |  6.0
Armour         | 2 4 |  4.5
Dodging        | 3 6 7 |  7.1
Invocations    | 1 3 |  3.8
Stealth        | |  0.8

Action                   |  1- 3 |  4- 6 |  7- 9 | 10-12 || total
-------------------------+-------+-------+-------+-------++-------
Melee: Short sword       |    10 |     7 |       |       ||    17
       Broad axe         |       |       |    26 |    17 ||    43
       Dagger            |       |       |       |   238 ||   238
       Punch             |       |       |       |     5 ||     5
 Fire: Hand crossbow     |    98 |    94 |   289 |    22 ||   503
       Arbalest          |       |       |       |   107 ||   107
Throw: Javelin           |       |       |       |     4 ||     4
Invok: Bend Time         |       |       |       |     3 ||     3
 Abil: Hop               |     5 |     4 |    12 |     6 ||    27
Evoke: Wand              |       |       |     8 |     1 ||     9
  Use: Scroll            |     2 |     6 |     5 |     9 ||    22
       Potion            |       |     1 |     5 |    12 ||    18
 Stab: Sleeping          |     1 |       |       |       ||     1
Armor: Leather armour    |     5 |       |    68 |    79 ||   152
       Robe              |     2 |     5 |     5 |       ||    12
       Skin              |       |       |       |     1 ||     1
Dodge: Dodged            |    26 |    29 |   133 |   552 ||   740
Block: Other             |       |       |       |   108 ||   108
       Reflection        |       |       |       |     4 ||     4
